 Dungeon Crawl Stone Soup version 0.31-a0-538-gbc85326fa9 (webtiles) character file.

Game seed: 2866347159480137800

125 LeprechaunX the Changeling (level 5, -2/34 HPs)
             Began as an Octopode Shapeshifter on Aug 14, 2023.
             Slain by an orc
             ... wielding a +2 whip of freezing
              (3 damage)
             ... on level 3 of the Dungeon.
             The game lasted 00:01:47 (1839 turns).

LeprechaunX the Changeling (Octopode Shapeshifter)  Turns: 1839, Time: 00:01:48

Health: -2/34      AC:  1    Str: 17    XL:     5   Next: 9%
Magic:  5/5        EV: 13    Int: 10    God:
Gold:   118        SH:  0    Dex: 12    Spells: 4/4 levels left

rFire   . .          .
                       - Unarmed
rCold   . . .        (no shield)
rNeg    . . .        (helmet currently unavailable)
rPois   .            (no amulet)
rElec   .            (no ring)
rCorr   .            (no ring)
SInv    .            (no ring)
Will    .....        (no ring)
Stlth   ++           (no ring)
HPRegen 0.25/turn    (no ring)
MPRegen 0.09/turn    (no ring)
                     (no ring)

%: no passive effects
@: beast-form
A: beast (slay +2), almost no armour, amphibious, 8 rings, camouflage 1,
gelatinous body 1, (nimble swimmer 1), tentacles
a: Begin Untransformation


You were on level 3 of the Dungeon.
You were a hulking beast.
You visited 1 branch of the dungeon, and saw 3 of its levels.

You collected 118 gold pieces.

Inventory:

Jewellery
 o - a ring of magical power
Talismans
 b - a beast talisman (active)
 c - a flux talisman
 n - a serpent talisman
Scrolls
 f - a scroll of fog {unknown}
 g - a scroll of enchant weapon {unknown}
 i - 3 scrolls of amnesia {unknown}
 k - 2 scrolls of revelation {unknown}
Potions
 a - 2 potions of lignification
 d - a potion of heal wounds {unknown}
 e - a potion of enlightenment {unknown}
 h - 2 potions of resistance {unknown}
 j - a potion of ambrosia {unknown}
 l - a potion of attraction {unknown}
 m - a potion of mutation {unknown}
 p - a potion of haste {unknown}


   Skills:
 + Level 2.3 Fighting
 + Level 2.8 Dodging
 + Level 3.7 Unarmed Combat
 * Level 3.7 Shapeshifting


You had 4 spell levels left.
You didn't know any spells.
Your spell library contained the following spells:

 Spells                   Type           Power      Damage    Failure   Level
 Iskenderun's Battlesphe  Conj           0%         2d6       100%        5
 Leda's Unmaking          Conj/Erth      0%         9d1       100%        6
 Spellforged Servitor     Conj/Summ      0%         N/A       100%        7


Dungeon Overview and Level Annotations

Branches:
Dungeon (3/15)

Altars:


Innate Abilities, Weirdness & Mutations

You are a hulking beast.
Your limbs bulge with bestial killing power. (Slay +2)
You cannot wear most types of armour.
You are amphibious.
You can wear up to eight rings at the same time.
Your skin changes colour to match your surroundings (Stealth+).
Your rubbery body absorbs attacks. (AC +1, EV +1)
((You are camouflaged when in or above water. (Stealth+)))
You have tentacles for arms and can constrict up to eight enemies at once.


Message History

Found a scroll labelled ISHRIQ HYSUT and a scroll labelled PEATOT QOVOSM.
Things that are here:
a +0 short sword; a +0 leather armour You tentacle-slap the orc priest.
Your grab misses the orc priest. Your squeeze misses the orc priest.
The orc priest is moderately wounded.
The orc priest mumbles some strange prayers to Beogh against you.
Beogh smites you!
You tentacle-slap the orc priest. Your grab misses the orc priest.
The orc priest is heavily wounded.
The adder misses you.
A kobold comes into view. It is wielding a +0 dagger.
The orc priest looks braver for a moment.
You closely miss the orc priest. You grab the orc priest.
The orc priest is heavily wounded.
You constrict the orc priest. The adder misses you.
There are monsters nearby!
There are monsters nearby!
Unknown command.
You bludgeon the orc priest!
You kill the orc priest!
The adder barely misses you.
The orc hits you with a +2 whip of freezing.
The orc freezes you. The adder bites you but does no damage.
You have reached level 5!
You feel stronger. The adder attacks as you move away!
The adder barely misses you. The endoplasm barely misses you.
The endoplasm attacks as you move away! The endoplasm completely misses you.
The orc attacks as you move away! The orc barely misses you.
The orc attacks as you move away!
The orc hits you with a +2 whip of freezing.
* * * LOW HITPOINT WARNING * * *
The orc freezes you.
* * * LOW HITPOINT WARNING * * *
You barely miss the orc. Your grab misses the orc.
The orc hits you with a +2 whip of freezing.
* * * LOW HITPOINT WARNING * * *
The orc freezes you.
You die...

#.# ..........)..#.
###.# ..?............
#...# #.........K.#
#.#######...........#
#......##....So.....#
######.# #gB###.#.
#.# #.####.## #.#
####g####.##
#.####hoJ.## .##
#.##...#.#####.##
#....###.†......
#....# #######.##
#....# ####.##
..>...# ## #.##
####...# ## (## #...#
#...#


You could see an orc, an endoplasm and a goblin.

Vanquished Creatures
  An orc priest (D:3)
  5 adders
  A worm (D:2)
  3 dart slugs
  An orc (D:3)
  3 bats
  4 endoplasms (D:2)
  3 giant cockroaches
  3 hobgoblins
  4 jackals (D:3)
  2 kobolds
  A quokka (D:2)
  5 ball pythons
  A frilled lizard (D:2)
  A goblin (D:2)
  5 rats
43 creatures vanquished.

Notes
Turn   | Place    | Note
-------+----------+-------------------------------------------
     0 | D:1      | LeprechaunX the Octopode Shapeshifter began the quest for
                  | the Orb.
     0 | D:1      | Reached XP level 1. HP: 13/13 MP: 1/1
   194 | D:1      | Reached XP level 2. HP: 18/18 MP: 2/2
   906 | D:2      | Reached XP level 3. HP: 23/23 MP: 3/3
  1130 | D:2      | Reached XP level 4. HP: 29/29 MP: 4/4
  1826 | D:3      | Identified the +1 kite shield of the Guild-Master {Harm
                  | Int+5}
  1834 | D:3      | Reached XP level 5. HP: 14/34 MP: 5/5
  1839 | D:3      | HP: 1/34 [orc/+2 whip of freezing (5)]
  1839 | D:3      | Slain by an orc

Illustrated notes

Levels and vault maps discovered:
D:1:      ebering_trefoil_3fold, layout_basic, chequers_mini_garden,
          grunt_decor_clamped
D:2:      layout_basic
D:3:      layout_basic, shapermc_ecumenical_altar_rom_forum,
          reono_crystal_passage, kennysheep_jessica_study

Skill      XL: |  1  2  3  4 |
---------------+-------------+-----
Fighting       | 2 |  2.3
Dodging        | |  2.8
Unarmed Combat | |  3.7
Shapeshifting  | |  3.7

Action                     |  1- 3 |  4- 6 || total
---------------------------+-------+-------++-------
  Melee: Unarmed           |    46 |    31 ||    77
         Constrict         |    10 |     8 ||    18
         Tentacles         |     6 |     7 ||    13
         Punch             |     2 |     2 ||     4
   Stab: Sleeping          |     6 |     3 ||     9
 Armour: Skin              |     3 |     2 ||     5
  Dodge: Dodged            |    23 |    23 ||    46

Table legend: (Time is in decaauts)
 A = Elapsed time spent in this place.
 B = Non-inter-level travel time spent in this place.
 C = Inter-level travel time spent in this place.
 D = Time resting spent in this place.
 E = Time spent auto-exploring this place.
 F = Levels seen in this place.
 G = Mean time per level.
                   A        B        C        D        E       F      G
               +--------+--------+--------+--------+--------+-----+--------+
         Total |   1834 |   1801 |     33 |      0 |   1545 |   3 |  611.3 |
       Dungeon |   1834 |   1801 |     33 |      0 |   1545 |   3 |  611.3 |
               +--------+--------+--------+--------+--------+-----+--------+

Top non-repeatable levels by time:
     D:2: 852 daAuts
     D:1: 827 daAuts
     D:3: 153 daAuts
